 Dungeon Sprint DCSS version 0.29-a0-613-gf2c431b9b9 (webtiles) character file.

Game seed: 2534870688500167080

462 mhtbhm the Covert (level 6, 0/54 HPs)
             Began as a Palentonga Brigand on June 16, 2022.
             Was an Initiate of Trog.
             Succumbed to Sonja's poison
             ... in the Dungeon (Sprint I: "Red Sonja").
             The game lasted 00:01:24 (485 turns).

mhtbhm the Covert (Palentonga Brigand)               Turns: 485, Time: 00:01:25

Health: 0/54       AC:  5    Str: 16    XL:     6   Next: 79%
Magic:  1/6        EV:  9    Int: 11    God:    Trog [......]
Gold:   235        SH:  0    Dex: 12    Spells: 5/5 levels left

rFire   . . .      SeeInvis +   a - +2 dagger
rCold   . . .      Faith    .   (no shield)
rNeg    . . .      Spirit   .   b - +0 leather armour
rPois   .          Reflect  .   (no helmet)
rElec   .          Harm     .   c - +0 cloak
rCorr   .          Rampage  .   (no gloves)
Will    +....      NoTele   +   (no barding)
Stlth   ++++......              (no amulet)
HPRegen 0.18/turn               (no ring)
MPRegen 0.10/turn               (no ring)

@: lethally poisoned (0 -> -41), slowed, very slow
A: large, rugged brown scales 3, see invisible, deformed body, roll 1, armoured
tail, strong-willed 1, wild magic 1, MP-powered wands
a: Rolling Charge, Renounce Religion


You were in the Dungeon.
You worshipped Trog.
Trog was noncommittal.
You visited 1 branch You collected 323 gold pieces.
You spent 88 gold pieces at shops.

Inventory:

Hand Weapons
 a - a +2 dagger (weapon)
Missiles
 d - 9 poisoned darts (quivered)
Armour
 b - a +0 leather armour (worn)
 c - a +0 cloak (worn)
Wands
 l - a wand of flame (11)
Scrolls
 h - a scroll of enchant weapon {unknown}
 k - a scroll of blinking
Potions
 i - 2 potions of magic
 m - 2 potions of cancellation {unknown}


   Skills:
 + Level 5.0 Fighting
 + Level 5.3 Short Blades
 + Level 3.4 Throwing
 + Level 1.4 Armour
 + Level 1.5 Dodging
 + Level 9.6 Stealth


You had 5 spell levels left.
You didn't know any spells.
Your spell library was empty.

Dungeon Overview and Level Annotations

Branches:
Dungeon (1/1)

Altars:
Cheibriados
Dithmenos
Elyvilon
Fedhas
Gozag
Hepliaklqana
Kikubaaqudgha
Nemelex Xobeh
Okawaru
Qazlal
Ru
Sif Muna
Trog
Uskayaw
Vehumet
Wu Jian
Yredelemnul
Zin
The Shining One

Shops:
D *


Innate Abilities, Weirdness & Mutations

You are completely covered in rugged brown scales. (AC +3, +7% HP)
You have supernaturally acute eyesight. (SInv)
Armour fits poorly on your strangely shaped body.
You can roll at nearby foes to attack.
You have a long armoured tail.
You are strong-willed. (Will+)
Your spells are a little harder to cast, but a little more powerful.
You expend magic power (3 MP) to strengthen your wands.


Message History

You feel very sick.
Unknown command.
You feel better.
Sonja says, "Someone hired me to kill you, but I'm not supposed to say who."
Sonja closely misses you.
Sonja hits you with a +0 dagger of venom. x2
Sonja hits you but does no damage.
Sonja hits you with a +0 dagger of venom.
You are poisoned.
Sonja closely misses you.
You feel much better.
You feel very sick.
Sonja hits you with a +0 dagger of venom.
Sonja closely misses you. Sonja barely misses you.
Unknown command.
Press: ? - help, v - describe, . - travel
Here: Sonja, wielding a +0 dagger of venom and quivering curare-tipped darts (almost dead, very poisoned, slow)
An open door.
You miss Sonja.
Sonja is almost dead.
You feel very sick.
Sonja hits you with a +0 dagger of venom.
You are more poisoned.
Sonja hits you but does no damage.
You are more poisoned.
Sonja hits you with a +0 dagger of venom.
You are lethally poisoned!
You barely miss Sonja.
Sonja is almost dead.
You feel extremely sick.
Sonja hits you with a +0 dagger of venom!
* * * LOW HITPOINT WARNING * * *
You are more poisoned.
Sonja barely misses you. x2
Unknown command.
You hit Sonja.
You kill Sonja!
Trog accepts your kill.
Trog appreciates your killing of a magic user.
You die...

################
#<.#.['..#.)'..#
#..'..#.)'..#..+
#..#####'#####'#
#..####..#...#.#
#..#__####..##.#
#..#_____##'#_.+
#⌠⌠#_.∩...'..._#
####_..__##_@#'#
#_____###)#.#
####### #(###
$.$ $($ ##(##
#+#


There were no monsters in sight!

Vanquished Creatures
  Sonja (D)
  Sigmund (D)
  A yak (D)
  An ogre (D)
  A jelly (D)
  Ijyb (D)
6 creatures vanquished.

Notes
Turn   | Place    | Note
-------+----------+-------------------------------------------
     0 | D        | mhtbhm the Palentonga Brigand began the quest for the Orb.
     0 | D        | Reached XP level 1. HP: 17/17 MP: 1/1
     2 | D        | Noticed Ijyb
    15 | D        | Killed Ijyb
    16 | D        | Reached skill level 4 in Stealth
    16 | D        | Reached XP level 2. HP: 10/24 MP: 2/2
   192 | D        | Noticed an ogre
   197 | D        | Killed an ogre
   198 | D        | Reached skill level 1 in Dodging
   198 | D        | Reached skill level 6 in Stealth
   198 | D        | Reached XP level 3. HP: 28/31 MP: 3/3
   198 | D        | Reached XP level 4. HP: 34/37 MP: 4/4
   307 | D        | Noticed Sigmund
   326 | D        | Killed Sigmund
   327 | D        | Reached skill level 1 in Armour
   327 | D        | Reached skill level 8 in Stealth
   327 | D        | Reached XP level 5. HP: 26/46 MP: 5/5
   327 | D        | Reached XP level 6. HP: 30/52 MP: 6/6
   336 | D        | Found an ornate altar of the Wu Jian Council.
   336 | D        | Found a shimmering blue altar of Sif Muna.
   338 | D        | Found a radiant altar of Vehumet.
   345 | D        | Found Anyleppa's General Store.
   345 | D        | Found an ancient bone altar of Kikubaaqudgha.
   345 | D        | Found a hazy altar of Hepliaklqana.
   345 | D        | Found a stormy altar of Qazlal.
   345 | D        | Found a hide-covered altar of Uskayaw.
   345 | D        | Found a blossoming altar of Fedhas.
   345 | D        | Found a bloodstained altar of Trog.
   345 | D        | Found an iron altar of Okawaru.
   345 | D        | Found a basalt altar of Yredelemnul.
   345 | D        | Found a glowing golden altar of the Shining One.
   345 | D        | Found a snail-covered altar of Cheibriados.
   345 | D        | Found a sacrificial altar of Ru.
   345 | D        | Found a glowing silver altar of Zin.
   345 | D        | Found a shadowy altar of Dithmenos.
   345 | D        | Found a white marble altar of Elyvilon.
   345 | D        | Noticed a yak
   346 | D        | Found an opulent altar of Gozag.
   347 | D        | Killed a yak
   348 | D        | Reached skill level 5 in Fighting
   348 | D        | Reached skill level 5 in Short Blades
   348 | D        | Reached skill level 9 in Stealth
   348 | D        | Found a sparkling altar of Nemelex Xobeh.
   357 | D        | Became a worshipper of Trog the Wrathful
   359 | D        | Bought a potion of mutation for 88 gold pieces
   359 | D        | Gained mutation: You expend magic power (3 MP) to
                  | strengthen your wands. [potion of mutation]
   359 | D        | Gained mutation: Your spells are a little harder to cast,
                  | but a little more powerful. [potion of mutation]
   359 | D        | Gained mutation: You are strong-willed. (Will+) [potion of
                  | mutation]
   475 | D        | Noticed Sonja
   485 | D        | Killed Sonja
   485 | D        | Succumbed to Sonja's poison

Illustrated notes

Levels and vault maps discovered:
D:        dungeon_sprint_1 [red_sonja_temple_1, red_sonja_temple_small_1]

Skill      XL: |  1  2  3  4  5  6 |
---------------+-------------------+-----
Stealth        | 4 6 8 9 |  9.6
Fighting       | 3 4 5 |  5.0
Short Blades   | 3 4 5 |  5.3
Throwing       | 2 3 |  3.4
Dodging        | 1 |  1.5
Armour         | 1 |  1.4

Action                   |  1- 3 |  4- 6 || total
-------------------------+-------+-------++-------
Melee: Dagger            |    14 |    24 ||    38
       Tailslap          |     2 |     1 ||     3
Throw: Dart              |       |     3 ||     3
 Abil: Rolling Charge    |     1 |     1 ||     2
Evoke: Wand              |       |     2 ||     2
  Use: Potion            |     1 |     4 ||     5
 Stab: Sleeping          |     1 |     2 ||     3
Armor: Robe              |     3 |       ||     3
       Leather armour    |     1 |     3 ||     4
Dodge: Dodged            |     2 |    11 ||    13

Table legend: (Time is in decaauts)
 A = Elapsed time spent in this place.
 B = Non-inter-level travel time spent in this place.
 C = Inter-level travel time spent in this place.
 D = Time resting spent in this place.
 E = Time spent auto-exploring this place.
 F = Levels seen in this place.
 G = Mean time per level.
                   A        B        C        D        E       F      G
               +--------+--------+--------+--------+--------+-----+--------+
         Total |    469 |    469 |      0 |    324 |      0 |   1 |  469.0 |
       Dungeon |    469 |    469 |      0 |    324 |      0 |   1 |  469.0 |
               +--------+--------+--------+--------+--------+-----+--------+

Top non-repeatable levels by time:
       D: 469 daAuts
